 Dungeon Crawl Stone Soup version 0.29.0-4-gdea44cf6ec (webtiles) character file.

Game seed: 10725719897981939739

23 qw the Vexing (level 2, 0/28 HPs)
             Began as an Ogre Enchanter on Sept 3, 2022.
             Succumbed to an adder's poison
             ... on level 2 of the Dungeon.
             The game lasted 00:00:49 (1405 turns).

qw the Vexing (Ogre Enchanter)                      Turns: 1405, Time: 00:00:50

Health: 0/28       AC:  3    Str: 11    XL:     2   Next: 95%
Magic:  5/5        EV:  9    Int: 16    God:
Gold:   63         SH:  0    Dex:  9    Spells: 5/5 levels left

rFire   . . .      SeeInvis .   a - +0 hand axe
rCold   . . .      Faith    .   (no shield)
rNeg    + . .      Spirit   .   b - +0 robe
rPois   .          Reflect  .   (helmet restricted)
rElec   .          Harm     .   (no cloak)
rCorr   .          Rampage  .   (gloves unavailable)
Will    .....                   (boots unavailable)
Stlth   ++........              (no amulet)
HPRegen 0.09/turn               h - ring of positive energy
MPRegen 0.09/turn               (no ring)

@: lethally poisoned (0 -> -4)
A: large, unfitting armour, tough skin 1
a: no special abilities


You were on level 2 of the Dungeon.
You visited 1 branch of the dungeon, and saw 2 of its levels.

You collected 63 gold pieces.


Innate Abilities, Weirdness & Mutations

You are too large for most types of armour.
You have tough skin. (AC +1)


   Skills:
 + Level 1.6 Fighting
 - Level 0.8 Short Blades
 - Level 2.0 Axes
 - Level 1.7 Dodging
 - Level 2.1 Stealth
 - Level 2.4 Spellcasting
 - Level 2.6 Hexes


You had 5 spell levels left.
You didn't know any spells.
Your spell library contained the following spells:

 Spells                   Type           Power      Damage    Failure   Level
 Ensorcelled Hibernation  Hex/Ice        12%        N/A       17%         2
 Confusing Touch          Hex            10%        N/A       21%         3
 Tukima's Dance           Hex            10%        N/A       21%         3
 Dazzling Flash           Conj/Hex       12%        N/A       34%         3

Inventory:

Hand Weapons
 a - a +0 hand axe (weapon)
 Y - a +1 whip of electrocution
Armour
 b - a +0 robe (worn)
Jewellery
 h - a ring of positive energy (left hand)
Scrolls
 c - a scroll of teleportation {unknown}
 g - a scroll of identify
Potions
 d - 2 potions of curing
 e - a potion of berserk rage {unknown}
 i - a potion of degeneration {unknown}

Dungeon Overview and Level Annotations

Branches:
Dungeon (2/15)

Altars:


Message History

An adder comes into view.
The adder hisses angrily.
The adder moves out of view.
You closely miss the adder. The adder bites you.
You are poisoned.
The adder poisons you! The adder misses you.
You barely miss the adder.
You feel sick. The adder barely misses you.
You closely miss the adder.
You feel sick. The adder bites you.
You are more poisoned.
The adder poisons you! The adder bites you but does no damage.
You barely miss the adder.
You feel very sick. The adder barely misses you.
The adder bites you but does no damage.
You hit the adder.
The adder is lightly wounded.
You feel sick. The adder barely misses you.
You hit the adder.
The adder is moderately wounded.
You feel sick. The adder bites you. x2
You are lethally poisoned!
The adder poisons you!
You closely miss the adder.
The adder is moderately wounded.
You feel very sick. The adder closely misses you.
You miss the adder.
The adder is moderately wounded.
You feel sick. The adder barely misses you. The adder closely misses you.
You hit the adder.
The adder is heavily wounded.
You feel sick. The adder bites you but does no damage.
You miss the adder.
The adder is heavily wounded.
You feel sick. The adder bites you. The adder closely misses you.
You hit the adder but do no damage.
The adder is heavily wounded.
You die...

#####....######.....
# #...?.##.# #.....
#.#.#...##.# ###.##
#.#.#..###.### #.#
#...#....#...# #.#
#.....#......# #..
##....#...##+# .
###.##.#.# #S@..#.+
#.....####### +.....
#... #.. .. #


You could see an adder.

Vanquished Creatures
  A dart slug (D:2)
  An endoplasm (D:2)
  A giant cockroach (D:2)
  3 goblins
  2 hobgoblins (D:1)
  A bat (D:1)
  4 frilled lizards
  3 kobolds (D:1)
  6 rats
22 creatures vanquished.

Notes
Turn   | Place    | Note
-------+----------+-------------------------------------------
     0 | D:1      | qw the Ogre Enchanter began the quest for the Orb.
     0 | D:1      | Reached XP level 1. HP: 16/16 MP: 3/3
     0 | D:1      | 0 ||| qw: Version: 0.1-a-102-g441f92d
     0 | D:1      | 0 ||| qw: Game counter: 5175
     0 | D:1      | 0 ||| qw: Always use a shield: true
     0 | D:1      | 0 ||| qw: God list: Okawaru
     0 | D:1      | 0 ||| qw: Allow faded altars: false
     0 | D:1      | 0 ||| qw: Do Orc after D:15 true
     0 | D:1      | 0 ||| qw: Do second Lair branch before Depths: true
     0 | D:1      | 0 ||| qw: Lair rune preference: random
     0 | D:1      | 0 ||| qw: Plans: Normal
     0 | D:1      | 0 ||| PLANNING D:1-11
     2 | D:1      | 2 ||| SWAPPING to +0 whip.
     3 | D:1      | 3 ||| DROPPING +1 dagger.
    68 | D:1      | 68 ||| SWAPPING to +1 whip of electrocution.
    69 | D:1      | 69 ||| DROPPING +0 whip.
   114 | D:1      | 114 ||| Stepping ~*~*~tactically~*~*~ (stealth).
   116 | D:1      | 116 ||| Stepping ~*~*~tactically~*~*~ (stealth).
   118 | D:1      | 118 ||| Stepping ~*~*~tactically~*~*~ (stealth).
   118 | D:1      | Found a faded altar of an unknown god.
   120 | D:1      | 120 ||| Stepping ~*~*~tactically~*~*~ (stealth).
   126 | D:1      | 126 ||| DROPPING +1 short sword of venom.
   127 | D:1      | 127 ||| Stepping ~*~*~tactically~*~*~ (stealth).
   128 | D:1      | 128 ||| Stepping ~*~*~tactically~*~*~ (stealth).
   130 | D:1      | 130 ||| Stepping ~*~*~tactically~*~*~ (stealth).
   131 | D:1      | 131 ||| Stepping ~*~*~tactically~*~*~ (stealth).
   133 | D:1      | Reached skill level 1 in Axes
   152 | D:1      | 152 ||| Stepping ~*~*~tactically~*~*~ (outnumbered).
   159 | D:1      | Reached skill level 1 in Fighting
   309 | D:1      | Reached XP level 2. HP: 27/27 MP: 5/5
   777 | D:1      | 777 ||| UPGRADING to ring of positive energy.
   778 | D:1      | 778 ||| READING scroll labelled PAYREI DEFEI.
   779 | D:1      | 779 ||| READING 2 scrolls labelled BAUCUU CIEGATI.
   780 | D:1      | 780 ||| DRINKING 3 emerald potions.
   781 | D:1      | 781 ||| DROPPING 2 potions of invisibility.
   782 | D:1      | 782 ||| Stepping randomly (stuck).
   783 | D:1      | 783 ||| Stepping ~*~*~tactically~*~*~ (cloud).
   784 | D:1      | 784 ||| DRINKING 2 potions of curing.
   784 | D:1      | 784 ||| (to cure poison)
   899 | D:2      | 899 ||| Stepping ~*~*~tactically~*~*~ (hiding).
   942 | D:2      | 942 ||| SWAPPING to +0 hand axe.
  1401 | D:2      | HP: 6/28 [poisoned by an adder]
  1404 | D:2      | HP: 2/28 [poisoned by an adder]
  1405 | D:2      | Succumbed to an adder's poison

Levels and vault maps discovered:
D:1:      psy_arrival_radial02, layout_loops_ring, ebering_ecumenical_altar_box,
          serial_bayou_pond_d
D:2:      layout_basic, grunt_ministairs_13

Skill      XL: |  1  2 |
---------------+-------+-----
Axes           | 1 2 |  2.0
Fighting       | 1 |  1.6
Short Blades   | |  0.8
Dodging        | |  1.7
Stealth        | |  2.1
Spellcasting   | |  2.4
Hexes          | |  2.6

Action                   || total
-------------------------++-------
Melee: Whip              ||    38
       Hand axe          ||    36
  Use: Scroll            ||     2
       Potion            ||     2
 Stab: Distracted        ||     1
       Sleeping          ||     1
Armor: Robe              ||    25
Dodge: Dodged            ||    23

Table legend:
 A = Non-vault XP
 B = Vault XP
 C = Vault XP percentage of total XP
 D = Non-vault monster count
 E = Vault monster count
 F = Vault count percentage of total count
                 A         B        C        D         E       F
            +---------+---------+-------+---------+---------+-------
      Total |      33 |       0 |   0.0 |      22 |       0 |   0.0
            +---------+---------+-------+---------+---------+-------
        D:1 |      18 |       0 |   0.0 |      13 |       0 |   0.0
        D:2 |      15 |       0 |   0.0 |       9 |       0 |   0.0
            +---------+---------+-------+---------+---------+-------
